 Dungeon Crawl Stone Soup version 0.23.0 (webtiles) character file.

Game seed: 18424907219520046023

88 DildoBatman the Conjurer (level 4, -1/30 HPs)
             Began as a Formicid Wizard on Feb 12, 2019.
             Slain by an orc
             ... wielding a +0 mace
              (8 damage)
             ... on level 3 of the Dungeon.
             The game lasted 00:04:25 (1887 turns).

DildoBatman the Conjurer (Formicid Wizard)          Turns: 1887, Time: 00:04:25

Health: -1/30      AC:  4    Str: 11    XL:     4   Next: 81%
Magic:  8/8        EV: 12    Int: 19    God:
Gold:   84         SH:  0    Dex:  9    Spells: 2/9 levels left

rFire    . . .     SeeInvis +   t - +0 mace
rCold    . . .     Gourm    .   (no shield)
rNeg     . . .     Faith    .   m - +1 robe {MR+}
rPois    .         Spirit   .   (helmet unavailable)
rElec    .         Reflect  .   (no cloak)
rCorr    .         Harm     .   g - +0 pair of gloves
MR       +....                  (no boots)
Stlth    ++........             (no amulet)
HPRegen  0.10/turn              (no ring)
MPRegen  0.11/turn              (no ring)

@: no status effects
A: permanent stasis, dig shafts and tunnels, four strong arms, antennae 3
a: Dig, Shaft Self


You were on level 3 of the Dungeon.
You were not hungry.

You visited 1 branch of the dungeon, and saw 3 of its levels.

You collected 84 gold pieces.

Inventory:

Hand Weapons
 q - a +1 dagger of venom
 t - a +0 mace (weapon)
Missiles
 b - 29 sling bullets
 i - 42 stones (quivered)
 l - 12 bolts
 n - 15 arrows
Armour
 g - a +0 pair of gloves (worn)
 m - a +1 robe of magic resistance (worn)
Scrolls
 a - a scroll of enchant armour {unknown}
 c - a scroll of immolation {unknown}
 d - 4 scrolls of teleportation {unknown}
 f - a scroll of enchant weapon {unknown}
 j - 2 scrolls of remove curse {unknown}
 k - 2 scrolls of identify {unknown}
 o - a scroll of random uselessness {unknown}
 p - a scroll of fear {unknown}
Potions
 e - a potion of magic {unknown}
 h - 3 potions of haste {unknown}
 r - a potion of ambrosia {unknown}
Comestibles
 s - 7 chunks of flesh
 v - 7 rations


   Skills:
 - Level 1.7 Dodging
 - Level 2.4 Stealth
 - Level 3.2 Spellcasting
 * Level 3.8 Conjurations
   Level 1.0 Summonings
   Level 0.8 Translocations


You had 2 spell levels left.
You knew the following spells:

 Your Spells              Type           Power        Failure   Level  Hunger
a - Conjure Flame         Conj/Fire      ##......     21%         3    ###....
c - Magic Dart            Conj           ###.         3%          1    None
e - Mephitic Cloud        Conj/Pois/Air  #.......     26%         3    ###....

Your spell library contained the following spells:

 Spells                   Type           Power        Failure   Level  Hunger
 Call Imp                 Summ           #.......     16%         2    ##.....
 Slow                     Hex            #.......     22%         2    ##.....
 Blink                    Tloc           Unusable     N/A         2    N/A

Dungeon Overview and Level Annotations

Branches:
Dungeon (3/15)

Altars:
Nemelex Xobeh


Innate Abilities, Weirdness & Mutations

You cannot be hasted, slowed, berserked, paralysed or teleported.
You can dig through walls and to a lower floor.
Your four strong arms can wield two-handed weapons with a shield.
You have a pair of large antennae on your head. (SInv)


Message History

The orc hits you with a +0 mace! The orc misses you.
The orc throws a tomahawk.
The tomahawk misses you.
There is a stone staircase leading up here.
You climb upwards.
There is a stone staircase leading down here.
You start resting.
Magic restored.
You climb downwards.
The orc throws a tomahawk.
The tomahawk closely misses you. The orc hits you with a +0 hand axe.
The orc hits you with a +0 mace!
The orc throws a tomahawk.
The tomahawk closely misses you.
There is a stone staircase leading up, spattered with blood here.
The orc hits you with a +0 hand axe. The orc hits you with a +0 mace!
You die...

..#.......'...+ { {
).#....)..#...#
÷÷##.....##...##
..###...###....## #..#
..#.#####.#.....### #..#
..........#.......# #.(#
.......P..#.......####..###
......≈.P.....#(o...##....
....≈≈≈≈≈≈###...@...##..#
...P≈≈≈.≈≈P####.o...##<.#
...♣.≈≈≈≈............o?.#
....≈≈≈≈.≈..##........[.#
....≈≈≈≈≈≈♣###..........#
...P≈≈≈≈≈.. #.(........#
....≈≈≈≈P≈.# #..........#
..............
###########...#.


You could see 3 orcs.

Vanquished Creatures
  An orc wizard (D:3)
  3 adders
  A dart slug (D:2)
  An orc (D:3)
  2 giant cockroaches (D:2)
  5 goblins
  4 hobgoblins
  2 quokkas (D:2)
  3 bats
  A frilled lizard (D:2)
  3 kobolds
  6 rats
32 creatures vanquished.

Notes
Turn   | Place    | Note
-------+----------+-------------------------------------------
     0 | D:1      | DildoBatman the Formicid Wizard began the quest for the
                  | Orb.
     0 | D:1      | Reached XP level 1. HP: 13/13 MP: 4/4
    22 | D:1      | Reached skill level 1 in Conjurations
   472 | D:1      | Reached XP level 2. HP: 18/19 MP: 0/6
  1172 | D:2      | You fall through a shaft!
  1175 | D:3      | Reached XP level 3. HP: 21/24 MP: 3/7
  1180 | D:3      | Learned a level 3 spell: Conjure Flame
  1184 | D:3      | Learned a level 3 spell: Mephitic Cloud
  1700 | D:2      | Found a sparkling altar of Nemelex Xobeh.
  1762 | D:3      | Reached XP level 4. HP: 30/30 MP: 1/8
  1887 | D:3      | Slain by an orc

Skill      XL: |  1  2  3 |
---------------+----------+-----
Conjurations   | 1 2 3 |  3.8
Dodging        | |  1.7
Stealth        | |  2.4
Spellcasting   | |  3.2
Summonings     | |  1.0
Translocations | |  0.8

Action                   |  1- 3 |  4- 6 || total
-------------------------+-------+-------++-------
Melee: Short sword       |     5 |       ||     5
       Mace              |       |    11 ||    11
 Cast: Magic Dart        |    64 |     5 ||    69
       Mephitic Cloud    |       |     1 ||     1
 Abil: Dig               |     1 |       ||     1
 Stab: Sleeping          |     1 |       ||     1
  Eat: Chunk             |     3 |       ||     3
Armor: Robe              |     3 |     4 ||     7
Dodge: Dodged            |    13 |     9 ||    22
